 Dungeon Crawl Stone Soup version 0.27-a0-1191-g601b473118 (webtiles) character file.

Game seed: 5603090140758618199

35 polve the Shield-Bearer (level 3, -1/19 HPs)
             Began as a Vine Stalker Fighter on May 23, 2021.
             Slain by Robin
             ... wielding a +0 spear
              (4 damage)
             ... on level 1 of the Dungeon.
             The game lasted 00:01:01 (1254 turns).

polve the Shield-Bearer (Vine Stalker Fighter)      Turns: 1254, Time: 00:01:02

Health: -1/19      AC:  8    Str: 18    XL:     3   Next: 33%
Magic:  0/4        EV:  4    Int:  8    God:
Gold:   36         SH:  9    Dex: 14    Spells: 2/2 levels left

rFire    . . .     SeeInvis .   a - +0 rapier
rCold    . . .     Faith    .   c - +0 kite shield
rNeg     . . .     Spirit   +   e - +0 chain mail
rPois    .         Reflect  .   (no helmet)
rElec    .         Harm     .   (no cloak)
rCorr    .         Rampage  .   (no gloves)
Will     .....                  (no boots)
Stlth    ..........             (no amulet)
HPRegen  0.06/turn              (no ring)
MPRegen  0.09/turn              (no ring)

@: no status effects
A: fangs 2, magic shield, antimagic bite, no potion heal 2
a: no special abilities


You were on level 1 of the Dungeon.
You visited 1 branch of the dungeon, and saw 2 of its levels.

You collected 36 gold pieces.

Inventory:

Hand Weapons
 a - a +0 rapier (weapon)
Armour
 b - a +0 scale mail
 c - a +0 kite shield (worn)
 e - a +0 chain mail (worn)
Scrolls
 f - a scroll of identify {unknown}
 g - 2 scrolls of teleportation {unknown}
Potions
 d - a potion of might
 h - a potion of brilliance {unknown}
 i - a potion of flight {unknown}
 j - a potion of curing {unknown}


   Skills:
 - Level 2.6 Fighting
 + Level 2.6 Short Blades
 - Level 2.4 Armour
 + Level 3.3 Shields


You had 2 spell levels left.
You didn't know any spells.
Your spell library contained the following spells:

 Spells                   Type           Power      Damage    Failure   Level
 Beastly Appendage        Tmut           0%         N/A       100%        1
 Wereblood                Tmut           0%         N/A       100%        2
 Spider Form              Tmut/Pois      0%         N/A       100%        3
 Ice Form                 Ice/Tmut       0%         N/A       100%        4
 Hydra Form               Tmut           0%         N/A       100%        5


Dungeon Overview and Level Annotations

Branches:
Dungeon (2/15)

Altars:

Annotations:
D:1 Robin


Innate Abilities, Weirdness & Mutations

You have extremely sharp teeth.
When hurt, damage is shared between your health and your magic reserves.
Your bite disrupts and absorbs the magic of your enemies.
Potions cannot restore your health.


Message History

The goblins go into a battle-frenzy!
The goblin shoots a stone.
The stone hits you.
The goblin shoots a stone.
The stone hits you but does no damage.
Robin flexes a bicep menacingly.
There is a stone staircase leading up here.
A giant cockroach comes into view.
The goblin no longer looks unusually strong.
Robin hits you but does no damage. Robin throws the goblin at you!
The hobgoblin hits you but does no damage.
The goblin hits you but does no damage.
You climb upwards.
There is a stone staircase leading down here.
You hit the hobgoblin.
You kill the hobgoblin!
You block Robin's attack. Robin hits you but does no damage.
You hit Robin but do no damage. You bite Robin. You drain their power.
Robin is lightly wounded.
Robin barely misses you.
You hit Robin. You bite Robin, but do no damage.
Robin is heavily wounded.
You block Robin's attack.
You closely miss Robin. You bite Robin, but do no damage.
Robin is heavily wounded.
Robin hits you with a +0 spear! Robin hits you with a +0 spear.
You hit Robin. Your bite misses Robin.
Robin is heavily wounded.
Robin hits you with a +0 spear.
* * * LOW HITPOINT WARNING * * *
Robin hits you but does no damage.
Robin says, "Duck!"
Robin hits you with a +0 spear.
* * * LOW HITPOINT WARNING * * *
You hit Robin but do no damage. Your bite misses Robin.
Robin is heavily wounded.
You block Robin's attack.
You closely miss Robin. You bite Robin, but do no damage.
Robin is heavily wounded.
Robin hits you but does no damage. Robin hits you with a +0 spear.
You die...

# #.....# #.# #. #
#.....###.# #. # #.####...##
#. #.# ##.## #. #># #.# #.
#.# #.# #. #.# #.# #. #.# #g#
#####. #.# #@##### #..... #.#
#.#...# #.#### #.# #.....#
#.# #.# ###...# #.#
#########.########.## #.#
#...............##.########.#
#.#.......#####.##....##....#
##.#.####### #.#####.##..#.#
.....# #.# ####''###


You could see Robin.

Vanquished Creatures
  2 dart slugs (D:1)
  3 ball pythons (D:1)
  2 endoplasms (D:1)
  8 goblins (D:2)
  3 hobgoblins (D:1)
  3 jackals (D:1)
  2 kobolds (D:1)
  A frilled lizard (D:1)
24 creatures vanquished.

Notes
Turn   | Place    | Note
-------+----------+-------------------------------------------
     0 | D:1      | polve the Vine Stalker Fighter began the quest for the Orb.
     0 | D:1      | Reached XP level 1. HP: 11/11 MP: 2/2
   148 | D:1      | Reached skill level 3 in Shields
   148 | D:1      | Reached XP level 2. HP: 11/16 MP: 1/3
  1194 | D:2      | Noticed Robin
  1196 | D:2      | Reached XP level 3. HP: 19/19 MP: 4/4
  1254 | D:1      | Slain by Robin

Illustrated notes

Levels and vault maps discovered:
D:1:      lightli_molten_gateway, layout_loops_ring, fountainhead,
          grunt_decor_fettered
D:2:      layout_loops_ring, basic_altar, minmay_misc_feat_rugged, wad_orctagon,
          uniq_robin

Skill      XL: |  1 |
---------------+----+-----
Short Blades   | 2 |  2.6
Shields        | 3 |  3.3
Fighting       | |  2.6
Armour         | |  2.4

Action                   || total
-------------------------++-------
Melee: Rapier            ||    63
       Bite              ||    13
Armor: Scale mail        ||    11
       Chain mail        ||    28
Dodge: Dodged            ||    18
Block: Kite shield       ||    37

Table legend: (Time is in decaauts)
 A = Elapsed time spent in this place.
 B = Non-inter-level travel time spent in this place.
 C = Inter-level travel time spent in this place.
 D = Time resting spent in this place.
 E = Time spent auto-exploring this place.
 F = Levels seen in this place.
 G = Mean time per level.
                   A        B        C        D        E       F      G
               +--------+--------+--------+--------+--------+-----+--------+
         Total |   1275 |   1235 |     40 |      0 |   1051 |   2 |  637.5 |
       Dungeon |   1275 |   1235 |     40 |      0 |   1051 |   2 |  637.5 |
               +--------+--------+--------+--------+--------+-----+--------+

Top non-repeatable levels by time:
     D:1: 1234 daAuts
     D:2: 41 daAuts
